 Dungeon Crawl Stone Soup version 0.28-a0-667-g162e43154e (webtiles) character file.

Game seed: 12670379199800722125

5 Lekart the Skirmisher (level 1, -1/19 HPs)
             Began as a Draconian Fighter on Oct 17, 2021.
             Slain by a jackal (3 damage)
             ... on level 1 of the Dungeon.
             The game lasted 00:00:16 (161 turns).

Lekart the Skirmisher (Draconian Fighter)            Turns: 161, Time: 00:00:18

Health: -1/19      AC:  4    Str: 18    XL:     1   Next: 66%
Magic:  1/1        EV: 12    Int:  8    God:
Gold:   0          SH:  4    Dex: 10    Spells: 0/0 levels left

rFire   . . .      SeeInvis .   a - +0 long sword
rCold   . . .      Faith    .   b - +0 buckler
rNeg    . . .      Spirit   .   (armour unavailable)
rPois   .          Reflect  .   (helmet restricted)
rElec   .          Harm     .   (no cloak)
rCorr   .          Rampage  .   (no gloves)
Will    .....                   (no boots)
Stlth   +.........              (no amulet)
HPRegen 0.06/turn               (no ring)
MPRegen 0.07/turn               (no ring)

@: no status effects
A: AC +4, unfitting armour, cold-blooded
a: no special abilities


You were on level 1 of the Dungeon.
You visited 1 branch of the dungeon, and saw 1 of its levels.

Inventory:

Hand Weapons
 a - a +0 long sword (weapon)
Armour
 b - a +0 buckler (worn)
Potions
 c - a potion of might


   Skills:
 + Level 3.4 Fighting
 + Level 2.0 Long Blades
 + Level 2.8 Dodging
 + Level 3.1 Shields


You couldn't memorise any spells.
You didn't know any spells.
Your spell library was empty.

Dungeon Overview and Level Annotations

Branches:
Dungeon (1/15)

Altars:


Innate Abilities, Weirdness & Mutations

Your plain brown scales are hard. (AC +4)
You cannot fit into any form of body armour.
You are cold-blooded and may be slowed by cold attacks.


Message History

The goblin hits you but does no damage. You block the jackal's attack.
The jackal closely misses you. The goblin hits you with a +0 club.
You block the jackal's attack. You block the jackal's attack.
You hit the jackal.
The jackal is heavily wounded.
The jackal barely misses you. You block the jackal's attack.
You hit the jackal.
You kill the jackal!
The jackal bites you.
You hit the jackal.
You kill the jackal!
The bat misses you.
You miss the bat. The bat closely misses you. The bat hits you.
* * * LOW HITPOINT WARNING * * *
You aren't carrying any items that you can evoke.
Okay, then.
You closely miss the bat. The bat hits you but does no damage.
You hit the bat but do no damage. The bat hits you but does no damage.
The bat barely misses you. The bat misses you.
You closely miss the bat. The bat closely misses you. The bat misses you.
You miss the bat.
Your tail-slap misses the bat.
The bat hits you but does no damage. You block the bat's attack.
You hit the bat.
You kill the bat!
You hit the jackal but do no damage. You block the jackal's attack.
The jackal bites you.
* * * LOW HITPOINT WARNING * * *
You barely miss the jackal. The jackal barely misses you.
The jackal closely misses you.
You barely miss the jackal. The jackal bites you.
* * * LOW HITPOINT WARNING * * *
The jackal bites you but does no damage.
You hit the jackal but do no damage.
Your tail-slap misses the jackal.
The jackal bites you but does no damage.
The jackal misses you.
The jackal bites you but does no damage.
The jackal bites you.
You die...

.#.# ####.#.# ......####
#.†.......
#######.#.......
#.l..g..........
##.#####.#....... #h..#
#.#....... #@..#
#......... #...#
#......... #...#
.........$
######.###############
#.#....).#...≈§≈≈...# ♣♣#
#........#..........#♣♣.'
###.....8#....≈≈....#♣.♣#
####...'..........#♣.♣#
#...'..........'.♣♣#


You could see a jackal and a frilled lizard.

Vanquished Creatures
  A goblin (D:1)
  2 jackals (D:1)
  2 bats (D:1)
5 creatures vanquished.

Notes
Turn   | Place    | Note
-------+----------+-------------------------------------------
     0 | D:1      | Lekart the Draconian Fighter began the quest for the Orb.
     0 | D:1      | Reached XP level 1. HP: 19/19 MP: 1/1
   161 | D:1      | Slain by a jackal

Illustrated notes

Levels and vault maps discovered:
D:1:      scummos_arrival_gate, layout_loops_cross

Action                   || total
-------------------------++-------
Melee: Long sword        ||    26
Armor: Skin              ||    16
Dodge: Dodged            ||    31
Block: Buckler           ||    10

Table legend: (Time is in decaauts)
 A = Elapsed time spent in this place.
 B = Non-inter-level travel time spent in this place.
 C = Inter-level travel time spent in this place.
 D = Time resting spent in this place.
 E = Time spent auto-exploring this place.
 F = Levels seen in this place.
 G = Mean time per level.
                   A        B        C        D        E       F      G
               +--------+--------+--------+--------+--------+-----+--------+
         Total |    169 |    169 |      0 |      0 |    115 |   1 |  169.0 |
       Dungeon |    169 |    169 |      0 |      0 |    115 |   1 |  169.0 |
               +--------+--------+--------+--------+--------+-----+--------+

Top non-repeatable levels by time:
     D:1: 169 daAuts
